[Event "Titled Tuesday Blitz February 22 Early 2022"]
[White "Singh, Ojasva"]
[Black "Gulecyuz, Deniz"]
[WhiteFideId "25681958"]
[BlackFideId "30921341"]
[WhiteElo "1741"]
[BlackElo "1925"]
[Result "1-0"]
[Round "05"]
[TimeControl "180+1"]
[Date "2022.02.22"]
[WhiteClock "0:00:07"]
[BlackClock "0:00:07"]

1. e4 c5 2. Nf3 Nc6 3. d4 cxd4 4. Nxd4 Nf6 5. Nc3 e5 6. Ndb5 d6 7. Bg5 a6 8. Na3 b5 9. Nd5 Be7 10. Bxf6 Bxf6 11. c3 Bg5 12. g3 O-O 13. Bg2 Ne7 14. Nxe7+ Qxe7 15. Nc2 Rb8 16. O-O f5 17. exf5 Bxf5 18. Nb4 Rbc8 19. Qb3+ Kh8 20. Rad1 a5 21. Nd5 Qb7 22. Ne3 Be4 23. Bxe4 Qxe4 24. Qd5 Qf3 25. Qxf3 Rxf3 26. Rxd6 Bxe3 27. fxe3 Rxe3 28. Rb6 Re2 29. Rxb5 h6 30. Rf2 Re1+ 31. Kg2 e4 32. Re5 Rd8 33. Kh3 a4 34. c4 e3 35. Rf7 e2 36. Rfe7 Rd2 37. c5 Rxb2 38. c6 Rc2 39. c7 Kh7 40. a3 Rec1 41. Rxe2 Rxc7 42. Rxc7 Rxc7 43. Re4 Ra7 44. Rb4 Ra5 45. Kg4 g5 46. h4 Kg6 47. Rb6+ Kg7 48. hxg5 Rxg5+ 49. Kh4 Ra5 50. g4 Ra8 51. Rb4 Ra5 52. Kg3 Kg6 53. Kf4 Kf6 54. Rb6+ Kg7 55. Rc6 Ra8 56. Rc4 Ra5 57. Re4 Kf6 58. Rd4 Kg6 59. Rc4 Kg7 60. Re4 Kg6 61. Re5 Ra6 62. Rd5 Kg7 63. Rc5 Kg6 64. g5 hxg5+ 65. Rxg5+ Kf6 66. Rh5 Ke7 67. Rh7+ Kd8 68. Ke4 Ra5 69. Kd4 Kc8 70. Kc4 Kb8 71. Kb4 Ra6 72. Kb5 Rg6 73. Rh4 Kb7 74. Kxa4 Kb6 75. Kb4 Rf6 76. Rd4 Rg6 77. a4 Rf6 78. a5+ Ka6 79. Re4 Rd6 80. Ka4 Rg6 81. Re5 Rf6 82. Kb4 Rf4+ 83. Kc3 Rf6 84. Kd4 Rf4+ 85. Ke3 Ra4 86. Kd3 Rxa5 87. Re6+ Kb5 88. Rh6 Kb4 89. Kd4 Rb5 90. Rh1 Ra5 91. Rb1+ Ka4 92. Kc4 1-0


[Site "https://www.chess.com"]

[Event "Titled Tuesday Blitz February 22 Early 2022"]
[White "Siva Mahadevan"]
[Black "Safarli, Eltaj"]
[WhiteFideId "25043153"]
[BlackFideId "13402129"]
[WhiteElo "2203"]
[BlackElo "2634"]
[Result "0-1"]
[Round "05"]
[TimeControl "180+1"]
[Date "2022.02.22"]
[WhiteClock "0:00:24"]
[BlackClock "0:01:18"]

1. e4 c5 2. Nf3 Nf6 3. Nc3 d5 4. exd5 Nxd5 5. Bc4 Nb6 6. Bb5+ Bd7 7. Bxd7+ Qxd7 8. d4 e6 9. Bf4 cxd4 10. Qxd4 Qxd4 11. Nxd4 a6 12. O-O-O N8d7 13. Nf3 f6 14. Rhe1 e5 15. Bg3 Bb4 16. Re3 O-O-O 17. Nd5 Nxd5 18. Rxd5 Nb6 19. Rxd8+ Rxd8 20. a3 Bc5 21. Rc3 Na4 22. Rc4 Rd1+ 23. Kxd1 Nxb2+ 24. Kc1 Nxc4 25. a4 Kd7 26. h4 h5 27. Ne1 Ba3+ 28. Kb1 e4 29. Ka2 Bb4 30. f3 Bxe1 31. Bxe1 exf3 32. gxf3 Ne5 33. f4 Nf3 34. Bf2 g5 35. fxg5 fxg5 36. hxg5 Nxg5 37. Kb3 Nf3 38. Kc4 h4 39. Kd3 h3 0-1


[Site "https://www.chess.com"]

[Event "Titled Tuesday Blitz February 22 Early 2022"]
[White "Slugin, Sergey"]
[Black "Dronavalli, Harika"]
[WhiteFideId "4122569"]
[BlackFideId "5015197"]
[WhiteElo "2358"]
[BlackElo "2382"]
[Result "0-1"]
[Round "05"]
[TimeControl "180+1"]
[Date "2022.02.22"]
[WhiteClock "0:00:07"]
[BlackClock "0:00:57"]

1. e4 c5 2. Nf3 Nc6 3. d4 cxd4 4. Nxd4 Nf6 5. Nc3 e5 6. Ndb5 d6 7. Bg5 a6 8. Na3 b5 9. Nd5 Be7 10. Bxf6 Bxf6 11. c4 b4 12. Nc2 O-O 13. h4 a5 14. g3 Be6 15. Bh3 Rc8 16. b3 Rb8 17. Nxf6+ Qxf6 18. Qxd6 Qf3 19. Bxe6 Qxh1+ 20. Kd2 Rbd8 21. Rxh1 Rxd6+ 22. Bd5 Ne7 23. g4 g6 24. Ne3 Kg7 25. c5 Rd7 26. Ke2 Rc8 27. Rc1 Rdc7 28. c6 Nxc6 29. Bxc6 Rxc6 30. Nc4 a4 31. Rd1 axb3 32. axb3 Rxc4 33. bxc4 Rxc4 34. f3 b3 35. Rb1 Rc3 36. Kf2 Kf6 37. Ke2 Ke7 38. Rb2 Kd6 39. Rd2+ Kc5 40. Rd8 Rc4 41. Rc8+ Kd4 42. Rb8 Kc3 43. Kd1 b2 44. g5 Ra4 45. Rc8+ Kb3 46. Rb8+ Rb4 47. Rxb4+ Kxb4 48. Kc2 Ka3 49. Kb1 Kb3 50. h5 gxh5 51. f4 exf4 52. e5 Kc4 53. e6 fxe6 54. g6 hxg6 55. Kxb2 Kd3 0-1


[Site "https://www.chess.com"]

[Event "Titled Tuesday Blitz February 22 Early 2022"]
[White "Srebrnic, Marko"]
[Black "Glavina, Pablo"]
[WhiteFideId "14603616"]
[BlackFideId "100234"]
[WhiteElo "2340"]
[BlackElo "2369"]
[Result "1-0"]
[Round "05"]
[TimeControl "180+1"]
[Date "2022.02.22"]
[WhiteClock "0:00:40"]
[BlackClock "0:00:05"]

1. e4 e5 2. Nc3 Nf6 3. Bc4 Bc5 4. d3 O-O 5. f4 d5 6. Nf3 dxc4 7. fxe5 Ng4 8. d4 Bb6 9. O-O Nc6 10. Nd5 Ngxe5 11. Nxb6 Nxf3+ 12. gxf3 axb6 13. c3 Bh3 14. Rf2 Qf6 15. Kh1 Rad8 16. Qg1 Ne7 17. Qg3 Qe6 18. Bg5 f6 19. Bf4 Ng6 20. Bxc7 Rc8 21. d5 Qd7 22. Bxb6 Ne5 23. Rg1 Nd3 24. Rd2 Rfe8 25. Bd4 Rf8 26. b3 b5 27. bxc4 bxc4 28. Rb1 Ra8 29. Re2 Ra6 30. f4 Qg4 31. Re3 Qxg3 32. Rxg3 Bd7 33. Rb7 Rd8 34. e5 fxe5 35. fxe5 Raa8 36. e6 Ba4 37. Rgxg7+ Kf8 38. Rbf7+ Ke8 39. Rg8# 1-0


[Site "https://www.chess.com"]

[Event "Titled Tuesday Blitz February 22 Early 2022"]
[White "Steenbekkers, Franck"]
[Black "Todorovic, Bojan"]
[WhiteFideId "1004220"]
[BlackFideId "917087"]
[WhiteElo "2142"]
[BlackElo "2266"]
[Result "0-1"]
[Round "05"]
[TimeControl "180+1"]
[Date "2022.02.22"]
[WhiteClock "0:00:02"]
[BlackClock "0:00:42"]

1. e4 e5 2. Nf3 Nc6 3. Bb5 Nf6 4. O-O Nxe4 5. d4 Nd6 6. dxe5 Nxb5 7. a4 Nbd4 8. Nxd4 Nxd4 9. Qxd4 d5 10. Qd3 Be7 11. Qg3 g6 12. Bh6 Be6 13. Nc3 c6 14. a5 d4 15. Ne4 Qd5 16. Rfe1 O-O-O 17. Bg7 Rhg8 18. Bf6 Rge8 19. a6 b5 20. Bxe7 Rxe7 21. Qh4 Rc7 22. Nd6+ Rxd6 23. exd6 Qxd6 24. Qxh7 Rd7 25. Qh8+ Kc7 26. Qa8 Kb6 27. g3 c5 28. h4 Bd5 29. Qe8 Bc6 30. Qe5 Qxe5 31. Rxe5 c4 32. Rae1 b4 33. Re7 Rd6 34. Rxf7 c3 35. b3 d3 36. cxd3 Rxd3 37. Rf6 Kc5 38. Re5+ Bd5 39. Rf8 Kd4 40. Re7 c2 0-1


[Site "https://www.chess.com"]

[Event "Titled Tuesday Blitz February 22 Early 2022"]
[White "Stefanov, Plamen"]
[Black "Sviridova, Vlada"]
[WhiteFideId "2900980"]
[BlackFideId "24109606"]
[WhiteElo "2137"]
[BlackElo "2101"]
[Result "1/2-1/2"]
[Round "05"]
[TimeControl "180+1"]
[Date "2022.02.22"]
[WhiteClock "0:00:14"]
[BlackClock "0:00:08"]

1. e4 e6 2. d4 d5 3. Nc3 Bb4 4. e5 c5 5. a3 Bxc3+ 6. bxc3 Ne7 7. Qg4 O-O 8. Bd3 Nbc6 9. Nf3 f5 10. exf6 Rxf6 11. h4 e5 12. Bxh7+ Kxh7 13. Qh5+ Kg8 14. dxe5 Re6 15. Ng5 Rxe5+ 16. Be3 Rxg5 17. hxg5 Bf5 18. O-O-O Bg6 19. Qh8+ Kf7 20. Qxd8 Rxd8 21. Bxc5 b6 22. Bd4 Nf5 23. Rhe1 Rc8 24. Kb2 Ncxd4 25. cxd4 Nd6 26. c3 Nc4+ 27. Kb3 a5 28. a4 Nd6 29. f3 b5 30. Rc1 bxa4+ 31. Kxa4 Nc4 32. g4 Rb8 33. f4 Bd3 34. f5 Nb2+ 35. Ka3 Nc4+ 36. Ka4 Rb2 37. Red1 Bc2+ 38. Rxc2 Rxc2 39. g6+ Kf6 40. Rf1 Rb2 41. g5+ Kxg5 42. f6 Kxg6 43. f7 Nb6+ 44. Kxa5 Nd7 45. f8=Q Nxf8 46. Rxf8 Rc2 47. Rc8 Kg5 48. Rc5 Kf4 49. Rxd5 Rxc3 50. Rd7 g5 51. Rf7+ Kg3 52. Rg7 g4 53. Kb4 Rd3 54. Kc5 Kf4 55. d5 g3 56. d6 Kf3 57. Kc6 Kf2 58. d7 g2 59. Rxg2+ Kxg2 60. Kc7 Kf3 61. d8=Q Rxd8 62. Kxd8 1/2-1/2


[Site "https://www.chess.com"]

[Event "Titled Tuesday Blitz February 22 Early 2022"]
[White "Steil-Antoni, Fiona"]
[Black "Berezin, Viktor"]
[WhiteFideId "4001249"]
[BlackFideId "14107872"]
[WhiteElo "2059"]
[BlackElo "2310"]
[Result "0-1"]
[Round "05"]
[TimeControl "180+1"]
[Date "2022.02.22"]
[WhiteClock "0:00:02"]
[BlackClock "0:00:10"]

1. e4 d5 2. exd5 Nf6 3. d4 Bg4 4. Be2 Bxe2 5. Nxe2 Qxd5 6. O-O e6 7. b3 c5 8. c4 Qh5 9. Ba3 Nc6 10. dxc5 Rd8 11. Qc2 Bxc5 12. Ng3 Qe5 13. Bxc5 Qxc5 14. Nc3 Nb4 15. Qe2 O-O 16. h3 Nc6 17. Rad1 Nd4 18. Qe3 e5 19. Nge4 Nxe4 20. Nxe4 Qe7 21. Nc3 Rfe8 22. Nd5 Qc5 23. Rd2 b6 24. Re1 f6 25. Qe4 Ne6 26. Red1 Kh8 27. h4 Rf8 28. Rd3 Rde8 29. Qg4 f5 30. Qg3 e4 31. R3d2 f4 32. Qg4 e3 33. fxe3 fxe3 34. Re2 Nc7 35. Nxc7 Qxc7 36. Rde1 Qc5 37. Qg3 Rf2 38. Kh2 Rxe2 39. Rxe2 h6 40. Qf3 Qe5+ 41. Qg3 Qd4 42. Qf3 Qd3 43. g3 Qd4 44. Kg2 a6 45. Qf4 Qd3 46. Qf3 b5 47. cxb5 axb5 48. h5 b4 49. Qg4 Qd5+ 50. Qf3 Qd4 51. Qf4 Qd3 52. Qf3 Qd1 53. Qg4 Rf8 54. Kh3 Qf1+ 55. Kh4 Qh1+ 56. Qh3 Qe4+ 57. Qg4 Qe7+ 58. Kh3 Rf1 59. Qf4 Rxf4 60. gxf4 Qe4 61. Kg3 Qd3 62. Kf3 Qd5+ 63. Kg3 Qxh5 64. Rxe3 Qf7 65. Kf3 Kh7 66. Re4 Qf5 67. Rxb4 h5 68. Rc4 Qg4+ 69. Ke4 h4 70. a4 h3 71. Rc2 Qg3 72. a5 h2 0-1


[Site "https://www.chess.com"]

[Event "Titled Tuesday Blitz February 22 Early 2022"]
[White "Suarez Uriel, Adrian"]
[Black "Mohammad Fahad, Rahman"]
[WhiteFideId "22230874"]
[BlackFideId "10207791"]
[WhiteElo "2316"]
[BlackElo "2323"]
[Result "0-1"]
[Round "05"]
[TimeControl "180+1"]
[Date "2022.02.22"]
[WhiteClock "0:00:02"]
[BlackClock "0:00:07"]

1. e4 e5 2. Nf3 Nc6 3. Bc4 Bc5 4. O-O d6 5. c3 Nf6 6. d4 Bb6 7. dxe5 Nxe5 8. Nxe5 dxe5 9. Qxd8+ Kxd8 10. Bg5 Ke7 11. a4 a6 12. a5 Ba7 13. Na3 Be6 14. Rfd1 Rad8 15. Kf1 h6 16. Bxf6+ Kxf6 17. Ke2 Bc8 18. Bd5 Ke7 19. f3 h5 20. Rd3 c6 21. Bc4 Rxd3 22. Bxd3 h4 23. Nc4 f6 24. Ne3 g6 25. Bc4 Rd8 26. Rd1 Rxd1 27. Nxd1 f5 28. Bd3 Bg1 29. h3 Bc5 30. b4 Bd6 31. Nb2 Kf6 32. Nc4 Bc7 33. Bc2 Be6 34. Nd2 Kg5 35. Bb3 Bc8 36. Ke3 Bb8 37. c4 c5 38. b5 Bc7 39. b6 Bd6 40. Ba4 Kf6 41. Nb1 Be6 42. Bb3 Bf8 43. Nc3 Bh6+ 44. Ke2 Ke7 45. Ba4 Bxc4+ 46. Kf2 Kd6 47. Be8 Bd2 48. Nd5 fxe4 49. fxe4 Bxd5 50. exd5 Kxd5 51. Bxg6 Bxa5 52. Bh5 Bxb6 53. Ke3 c4+ 54. Kd2 Kd4 55. Bg4 Ba5+ 56. Kc2 b5 57. Bc8 b4 58. Bxa6 b3+ 59. Kb2 Bc3+ 60. Ka3 e4 61. Bb7 e3 62. Bf3 Ba5 63. Be2 Kc3 64. Ka4 Bd8 65. Ka3 Bc7 66. Bf1 Bd6+ 67. Ka4 b2 0-1


[Site "https://www.chess.com"]

[Event "Titled Tuesday Blitz February 22 Early 2022"]
[White "Talibov, Shiroghlan"]
[Black "Lodici, Lorenzo"]
[WhiteFideId "13429078"]
[BlackFideId "884189"]
[WhiteElo "2070"]
[BlackElo "2265"]
[Result "0-1"]
[Round "05"]
[TimeControl "180+1"]
[Date "2022.02.22"]
[WhiteClock "0:00:13"]
[BlackClock "0:00:14"]

1. c4 b6 2. Nc3 Bb7 3. e4 e6 4. g3 f5 5. Bg2 Nf6 6. d3 Bb4 7. Ne2 fxe4 8. O-O O-O 9. Bg5 Be7 10. dxe4 e5 11. h3 Nc6 12. Be3 Bc5 13. Qd2 d6 14. Rad1 a6 15. Kh2 Ne7 16. f4 exf4 17. gxf4 Ng6 18. Bxc5 bxc5 19. Ng3 Nh4 20. Bh1 Qe8 21. Rde1 Qg6 22. Rg1 Qh6 23. Nf5 Nxf5 24. exf5 Bxh1 25. Rxh1 Rae8 26. Rhg1 Qh4 27. Rxe8 Rxe8 28. Rg2 Qe1 29. Qd3 Re3 30. Qd2 Ng4+ 31. hxg4 Qh4+ 32. Kg1 Re1+ 33. Qxe1 Qxe1+ 34. Kh2 Qh4+ 35. Kg1 Qe1+ 36. Kh2 Qc1 37. Rf2 c6 38. Kg2 Qe3 39. Ne2 d5 40. Ng3 d4 41. Nf1 Qe4+ 42. Kh2 d3 43. b3 Qe2 44. Kg2 Qxg4+ 45. Ng3 h5 46. Kh2 h4 47. Nf1 Qxf5 48. Rf3 Qe4 49. Kg2 h3+ 50. Kf2 h2 51. Nxh2 d2 52. Re3 Qxf4+ 53. Ke2 Qxe3+ 0-1


[Site "https://www.chess.com"]

[Event "Titled Tuesday Blitz February 22 Early 2022"]
[White "Tari, Aryan"]
[Black "Shahaliyev, Ismayil"]
[WhiteFideId "1510045"]
[BlackFideId "13406388"]
[WhiteElo "2567"]
[BlackElo "2105"]
[Result "1-0"]
[Round "05"]
[TimeControl "180+1"]
[Date "2022.02.22"]
[WhiteClock "0:01:23"]
[BlackClock "0:00:23"]

1. e4 e6 2. d4 d5 3. Nc3 Bb4 4. e5 c5 5. Bd2 Ne7 6. a3 Ba5 7. dxc5 Nbc6 8. f4 O-O 9. Nf3 Ng6 10. Bd3 f6 11. Bxg6 hxg6 12. O-O Bc7 13. Nb5 fxe5 14. Nxc7 Qxc7 15. fxe5 Nxe5 16. Nxe5 Rxf1+ 17. Qxf1 Qxe5 18. Qd3 Bd7 19. Bc3 Qe4 20. Qxe4 dxe4 21. Kf2 Bc6 22. Ke3 Rd8 23. Bd4 Rd5 24. c4 Rg5 25. Rg1 e5 26. Bc3 Kf7 27. g4 Bd7 28. h3 Be6 29. Bd2 1-0


[Site "https://www.chess.com"]

[Event "Titled Tuesday Blitz February 22 Early 2022"]
[White "Thomas, Anysia"]
[Black "Ferreira, Vitor Hugo Vieira"]
[WhiteFideId "670472"]
[BlackFideId "2119765"]
[WhiteElo "2002"]
[BlackElo "2216"]
[Result "0-1"]
[Round "05"]
[TimeControl "180+1"]
[Date "2022.02.22"]
[WhiteClock "0:00:01"]
[BlackClock "0:00:26"]

1. d4 d5 2. c4 c6 3. Nf3 Nf6 4. e3 e6 5. b3 Nbd7 6. Bb2 Bd6 7. Nbd2 O-O 8. Be2 Qe7 9. O-O e5 10. cxd5 cxd5 11. dxe5 Nxe5 12. Rc1 Bd7 13. Nxe5 Bxe5 14. Bxe5 Qxe5 15. Nf3 Qd6 16. Bd3 Rac8 17. Qd2 Bg4 18. Nd4 a6 19. Bf5 Bxf5 20. Nxf5 Qe5 21. Nd4 Ne4 22. Qb4 b5 23. Qa5 Qf6 24. Nf3 g5 25. Rc7 g4 26. Nd4 h5 27. f3 gxf3 28. Rxf3 Qg6 29. Nf5 Rce8 30. Ng3 Ng5 31. Rf1 h4 32. Nf5 h3 33. Qd2 Re5 34. Nh4 Qe4 35. Nf3 Rf5 36. Qf2 Nxf3+ 37. gxf3 Qe5 38. f4 Qxc7 39. Qg3+ Kh7 40. Qxh3+ Kg6 41. Qg4+ Kf6 42. Qh4+ Ke6 43. Qh6+ Rf6 44. f5+ Ke7 45. Qg5 Qb8 46. Kh1 d4 47. e4 Qb7 48. Re1 d3 49. h4 d2 50. Qxd2 Rd6 51. Qb4 f6 52. Kh2 Rh8 53. e5 fxe5 54. Rxe5+ Kd7 55. Rc5 Qf3 56. f6 Qf2+ 57. Kh3 Rd3+ 58. Kg4 Rxh4+ 59. Kg5 Rxb4 0-1


[Site "https://www.chess.com"]

[Event "Titled Tuesday Blitz February 22 Early 2022"]
[White "Timofeev, Artyom"]
[Black "Makhnev, Denis"]
[WhiteFideId "4140419"]
[BlackFideId "13707647"]
[WhiteElo "2583"]
[BlackElo "2491"]
[Result "1-0"]
[Round "05"]
[TimeControl "180+1"]
[Date "2022.02.22"]
[WhiteClock "0:00:42"]
[BlackClock "0:00:03"]

1. d4 Nf6 2. c4 e6 3. Nc3 Bb4 4. e3 O-O 5. Bd3 b6 6. Nf3 d5 7. O-O dxc4 8. Bxc4 Bb7 9. Bd2 c5 10. a3 Bxc3 11. Bxc3 Ne4 12. Rc1 Nd7 13. Qe2 Nxc3 14. bxc3 Qe7 15. a4 e5 16. Rfd1 Rad8 17. Bb5 exd4 18. cxd4 cxd4 19. Nxd4 Nc5 20. Qg4 g6 21. h3 Qf6 22. Be2 h5 23. Qg3 h4 24. Qh2 Nxa4 25. Rc7 Nc5 26. Rf1 Rc8 27. Bf3 Rxc7 28. Qxc7 Rc8 29. Qh2 Bxf3 30. Nxf3 b5 31. Ne5 a5 32. Ng4 Qe7 33. Qf4 Ne6 34. Qe5 Rc5 35. Qa1 b4 36. Nf6+ Kf8 37. Nh7+ Ke8 38. Nf6+ Kd8 39. Rd1+ Kc8 40. Ne4 Rc6 41. Qxa5 Qc7 42. Qa8+ Qb8 43. Qxc6+ Qc7 44. Nd6+ Kb8 45. Qb5+ Ka8 46. Ra1+ 1-0


[Site "https://www.chess.com"]

[Event "Titled Tuesday Blitz February 22 Early 2022"]
[White "Topalov, Aleksandar"]
[Black "Piliczewski, Bogusz"]
[WhiteFideId "925659"]
[BlackFideId "1104144"]
[WhiteElo "2098"]
[BlackElo "1896"]
[Result "1-0"]
[Round "05"]
[TimeControl "180+1"]
[Date "2022.02.22"]
[WhiteClock "0:00:51"]
[BlackClock "0:00:02"]

1. b3 d5 2. Bb2 Bf5 3. Nf3 e6 4. g3 Nf6 5. Bg2 Be7 6. O-O Nbd7 7. d3 c6 8. Nbd2 h6 9. e4 Bh7 10. Qe2 O-O 11. Kh1 Qb6 12. Ng1 Rfd8 13. f4 Rac8 14. f5 exf5 15. exd5 Bb4 16. dxc6 bxc6 17. Nc4 Qb8 18. a3 Bf8 19. Rae1 Re8 20. Qf3 Rxe1 21. Rxe1 c5 22. Bh3 g6 23. Bg2 Re8 24. Rxe8 Qxe8 25. Qe2 Qxe2 26. Nxe2 Bg7 27. Nf4 Ng4 28. Bxg7 Kxg7 29. h3 Nge5 30. Nxe5 Nxe5 31. Nd5 g5 32. Kg1 f6 33. Kf2 Bg8 34. Nc3 Kf8 35. Na4 c4 36. bxc4 Ke7 37. Nc3 Kd6 38. Ke3 a6 39. Kd4 Nc6+ 40. Bxc6 Kxc6 41. Nd5 Bxd5 42. cxd5+ Kd6 43. c4 h5 44. c5+ Kd7 45. Ke3 h4 46. gxh4 f4+ 47. Kf3 1-0


[Site "https://www.chess.com"]

[Event "Titled Tuesday Blitz February 22 Early 2022"]
[White "Tregubov, Pavel V."]
[Black "Samadov, Read"]
[WhiteFideId "4115341"]
[BlackFideId "13417444"]
[WhiteElo "2341"]
[BlackElo "2084"]
[Result "1-0"]
[Round "05"]
[TimeControl "180+1"]
[Date "2022.02.22"]
[WhiteClock "0:00:56"]
[BlackClock "0:00:05"]

1. e4 c5 2. Nf3 d6 3. Bb5+ Nd7 4. Ba4 Nf6 5. O-O e6 6. Re1 Be7 7. c3 O-O 8. d4 a6 9. Nbd2 b5 10. Bc2 Bb7 11. e5 dxe5 12. dxe5 Nd5 13. Ne4 Qc7 14. Neg5 h6 15. Qd3 N7f6 16. exf6 Nxf6 17. Nh7 Rfd8 18. Nxf6+ Bxf6 19. Qh7+ Kf8 20. Be3 Bxf3 21. gxf3 Rac8 22. Rad1 b4 23. cxb4 cxb4 24. Bd3 Bxb2 25. Bxa6 Ra8 26. Bf1 Bc3 27. Rxd8+ Rxd8 28. Rc1 Ra8 29. Qe4 Rxa2 30. Qxb4+ Bxb4 31. Rxc7 Bd6 32. Bc5 Bxc5 33. Rxc5 g5 34. Kg2 Kg7 35. Rc7 Ra4 36. Bb5 Ra8 37. Kg3 Rd8 38. f4 Kf6 39. fxg5+ hxg5 40. Be2 Rd2 41. Bh5 Rd3+ 42. f3 Ke5 43. Rxf7 Rd2 44. Bg4 Re2 45. h4 gxh4+ 46. Kxh4 Re3 47. Kg5 Kd4 48. Rd7+ Kc5 49. Re7 e5 50. Kf5 Kd6 51. Re6+ Kd5 52. Re8 Re1 53. Bh5 Kd4 54. Rd8+ Kc5 55. Bf7 Re3 56. Bd5 Rd3 57. Kxe5 Re3+ 58. Be4 1-0


[Site "https://www.chess.com"]

[Event "Titled Tuesday Blitz February 22 Early 2022"]
[White "Tsatsalashvili, Keti"]
[Black "Winkels, Marcel"]
[WhiteFideId "13603434"]
[BlackFideId "1003887"]
[WhiteElo "2246"]
[BlackElo "1900"]
[Result "1-0"]
[Round "05"]
[TimeControl "180+1"]
[Date "2022.02.22"]
[WhiteClock "0:01:02"]
[BlackClock "0:01:43"]

1. d4 Nf6 2. c4 g6 3. Nc3 d5 4. cxd5 Nxd5 5. e4 Nxc3 6. bxc3 c5 7. Nf3 Bg7 8. Be2 O-O 9. O-O b6 10. Rb1 Ba6 11. Bxa6 Nxa6 12. Qd3 Nc7 13. d5 Qd6 14. c4 e6 15. Bb2 Bxb2 16. Rxb2 exd5 17. exd5 Rae8 18. h4 h5 19. g3 Re7 20. Kg2 Rfe8 21. Rd1 Re4 22. Ng5 Rd4 23. Qb1 Rxd1 24. Qxd1 Ne6 25. Qa4 Nxg5 26. Qxe8+ 1-0


[Site "https://www.chess.com"]

[Event "Titled Tuesday Blitz February 22 Early 2022"]
[White "Tsydypov, Zhamsaran"]
[Black "Goltsev, Dmitry"]
[WhiteFideId "4108566"]
[BlackFideId "24176710"]
[WhiteElo "2614"]
[BlackElo "2273"]
[Result "0-1"]
[Round "05"]
[TimeControl "180+1"]
[Date "2022.02.22"]
[WhiteClock "0:00:01"]
[BlackClock "0:00:16"]

1. e4 e6 2. d4 d5 3. Nc3 Nf6 4. e5 Nfd7 5. f4 c5 6. Nf3 a6 7. Be3 Nc6 8. a3 b5 9. Be2 g6 10. Qd2 h5 11. O-O Bb7 12. Nd1 Rc8 13. Nf2 Ne7 14. dxc5 Nxc5 15. Nd4 Nf5 16. Nxf5 gxf5 17. Bd4 h4 18. Qe3 Be7 19. Rfd1 Rg8 20. Bf1 Qc7 21. Rac1 Rg7 22. Be2 Qc6 23. Bf3 Ne4 24. Nd3 Kf8 25. Qe1 Kg8 26. h3 Kh8 27. Kh2 Rcg8 28. Qe2 Ng3 29. Qe1 Ne4 30. Nf2 Rg3 31. Rd3 Qe8 32. Nh1 R3g6 33. Qa5 Qf8 34. Qc7 Bc8 35. Rg1 Qh6 36. Be3 Bc5 37. Bc1 Bxg1+ 38. Kxg1 Qg7 39. g4 fxg4 40. hxg4 Rxg4+ 41. Kh2 Rg2+ 0-1


[Site "https://www.chess.com"]

[Event "Titled Tuesday Blitz February 22 Early 2022"]
[White "Tymrakiewicz, Rafal"]
[Black "Sargsyan, Anna M."]
[WhiteFideId "1108832"]
[BlackFideId "13308130"]
[WhiteElo "2205"]
[BlackElo "2271"]
[Result "1-0"]
[Round "05"]
[TimeControl "180+1"]
[Date "2022.02.22"]
[WhiteClock "0:00:03"]
[BlackClock "0:00:15"]

1. e4 c6 2. d4 d5 3. exd5 cxd5 4. c4 Nf6 5. Nc3 Nc6 6. Bg5 Be6 7. c5 Qa5 8. Nf3 Ne4 9. Bd2 Qc7 10. Bb5 Nxc3 11. Bxc3 g6 12. b4 Bg7 13. O-O O-O 14. Be2 a6 15. a4 Bg4 16. h3 Bxf3 17. Bxf3 e6 18. Qd2 Ne7 19. b5 Nf5 20. Rfd1 h5 21. Be2 Rfd8 22. Rab1 Rdc8 23. bxa6 bxa6 24. Rb6 e5 25. Bxa6 exd4 26. Bb4 Re8 27. Bb5 Re7 28. a5 Bh6 29. Qd3 Re4 30. a6 Bf4 31. Rb7 Qe5 32. c6 Ne3 33. fxe3 Rxe3 34. Qf1 d3 35. a7 d4 36. Bxd3 g5 37. c7 Kg7 38. Rb8 Qxc7 39. Rxa8 Qb7 40. Rb8 Qxa7 41. Rd8 Qb6 42. Be7 Rxe7 43. Rd5 Qc6 44. Rf5 Qe6 45. Rxf4 gxf4 46. Qxf4 Qe3+ 47. Qxe3 dxe3 48. Be2 Kh6 49. g3 Kg5 50. Kg2 f5 51. Kf3 h4 52. Rd5 hxg3 53. Kxg3 Re4 54. Bf3 Re7 55. Be2 Kf6 56. h4 Re4 57. h5 Rb4 58. Kf3 Rh4 59. Kxe3 Kg5 60. Bf3 Rh3 61. Kf2 Rh4 62. Kg2 Kf4 63. Rd3 Kg5 64. Kg3 Ra4 65. Rd6 Ra7 66. Rg6# 1-0


[Site "https://www.chess.com"]

[Event "Titled Tuesday Blitz February 22 Early 2022"]
[White "Vifleemskaia, Svetlana"]
[Black "Viskelis, Darius"]
[WhiteFideId "4129490"]
[BlackFideId "12800830"]
[WhiteElo "1901"]
[BlackElo "1999"]
[Result "1-0"]
[Round "05"]
[TimeControl "180+1"]
[Date "2022.02.22"]
[WhiteClock "0:00:20"]
[BlackClock "0:00:02"]

1. d4 d5 2. c4 e6 3. Nc3 c5 4. cxd5 cxd4 5. Qxd4 Nc6 6. Qa4 exd5 7. e4 d4 8. Nd5 Be6 9. Bc4 a6 10. Qd1 Ne5 11. Bb3 Bxd5 12. Bxd5 Bb4+ 13. Kf1 Bc5 14. f4 Nc6 15. Nf3 Nf6 16. Bxc6+ bxc6 17. e5 Ng4 18. h3 Nh6 19. g4 Qd5 20. Qd3 O-O 21. Bd2 Rab8 22. b3 Kh8 23. Kg2 Ng8 24. Rhe1 Ne7 25. Qe4 Qd7 26. f5 Nd5 27. e6 fxe6 28. Qxe6 Qc7 29. Qe5 Bd6 30. Qxd4 Bf4 31. Re4 Bxd2 32. Qxd2 Rfe8 33. Rae1 Red8 34. Ng5 Nf6 35. Qf4 Qa5 36. R4e2 Nd5 37. Qe5 1-0


[Site "https://www.chess.com"]

[Event "Titled Tuesday Blitz February 22 Early 2022"]
[White "Vitiugov, Nikita"]
[Black "Vlassov, Nikolai"]
[WhiteFideId "4152956"]
[BlackFideId "4103360"]
[WhiteElo "2673"]
[BlackElo "2407"]
[Result "0-1"]
[Round "05"]
[TimeControl "180+1"]
[Date "2022.02.22"]
[WhiteClock "0:00:02"]
[BlackClock "0:00:06"]

1. d4 Nf6 2. Bg5 e6 3. e4 h6 4. Bxf6 Qxf6 5. Nc3 Bb4 6. a3 Bxc3+ 7. bxc3 d6 8. Qd2 O-O 9. Bd3 e5 10. Ne2 Nc6 11. Qe3 Qg5 12. Qxg5 hxg5 13. Kd2 g4 14. Rab1 b6 15. Bb5 Ne7 16. Ng3 g6 17. h4 f5 18. Bc4+ Kg7 19. h5 f4 20. Ne2 g5 21. Nc1 Nc6 22. Bd5 Bb7 23. Nd3 Rae8 24. h6+ Kg6 25. h7 Rh8 26. Bg8 exd4 27. Rb5 dxc3+ 28. Kxc3 Rxe4 29. f3 Re3 30. fxg4 Ne5 31. Kd2 Bxg2 32. Nxe5+ Rxe5 33. Rxe5 dxe5 34. Re1 e4 35. Ke2 e3 36. Rd1 Be4 37. Rd8 Kf6 38. Rd7 c5 39. Rf7+ Kg6 40. Rxa7 Bxc2 41. Rb7 c4 42. Rxb6+ Kg7 43. Rb7+ Kf6 44. Rb6+ Ke5 45. Rc6 Bd3+ 46. Ke1 f3 47. Rc5+ Kd4 48. Rd5+ Kc3 49. Rf5 Bxf5 50. gxf5 Kd3 51. f6 f2+ 52. Kf1 e2+ 53. Kxf2 Kd2 54. f7 e1=Q+ 55. Kf3 Qe7 56. Kg4 c3 57. Kf5 c2 58. Kg6 Qf8 0-1


[Site "https://www.chess.com"]

[Event "Titled Tuesday Blitz February 22 Early 2022"]
[White "Voege, Tobias"]
[Black "Manelyuk, Daniil"]
[WhiteFideId "1270513"]
[BlackFideId "44173920"]
[WhiteElo "2335"]
[BlackElo "2222"]
[Result "1-0"]
[Round "05"]
[TimeControl "180+1"]
[Date "2022.02.22"]
[WhiteClock "0:00:04"]
[BlackClock "0:00:02"]

1. d4 Nf6 2. Nf3 c5 3. d5 b5 4. a4 b4 5. c3 a5 6. g3 g6 7. Bg2 d6 8. O-O Bg7 9. Re1 O-O 10. e4 Bg4 11. c4 Nbd7 12. Ra2 b3 13. Qxb3 Rb8 14. Qc2 Qb6 15. Nc3 Bxf3 16. Bxf3 Ne5 17. Be2 Qb4 18. f4 Nxc4 19. Bf3 Nd7 20. Re2 Bxc3 21. bxc3 Qb1 22. Kg2 Qxc2 23. Raxc2 Rb1 24. h4 Ndb6 25. e5 Nxa4 26. h5 Rb3 27. hxg6 hxg6 28. Re4 Ncb6 29. exd6 exd6 30. c4 Nc3 31. Re3 Nba4 32. Bd2 Rfb8 33. Bxc3 Ra3 34. Bd2 Rxe3 35. Bxe3 Nb2 36. Bd2 a4 37. Bc3 a3 38. Rc1 a2 39. Ra1 Na4 40. Bf6 Nb2 41. Rh1 a1=Q 42. Rh8# 1-0


[Site "https://www.chess.com"]